 Dungeon Crawl Stone Soup version 0.26-a0-850-g97a50ab700 (webtiles) character file.

Game seed: 12382714870746285427

762 pablito the Chopper (level 7, -4/64 HPs)
             Began as a Hill Orc Monk on Nov 21, 2020.
             Slain by a sky beast (6 damage)
             ... on level 5 of the Dungeon.
             The game lasted 00:13:15 (5344 turns).

pablito the Chopper (Hill Orc Monk)                 Turns: 5344, Time: 00:13:15

Health: -4/64      AC:  7    Str: 16    XL:     7   Next: 81%
Magic:  7/7        EV: 12    Int: 10    God:
Gold:   300        SH:  0    Dex: 19    Spells: 6/6 levels left

rFire    . . .     SeeInvis .   a - +0 hand axe
rCold    . . .     Faith    .   (no shield)
rNeg     . . .     Spirit   .   c - +0 ring mail
rPois    .         Reflect  .   p - +0 helmet
rElec    .         Harm     +   h - scarf {harm}
rCorr    .         Rampage  .   (no gloves)
MR       .....                  (no boots)
Stlth    ++........             (no amulet)
HPRegen  0.20/turn              f - +6 ring of dexterity
MPRegen  0.10/turn              q - ring of flight

@: mighty
A: no striking features
a: Evoke Flight


You were on level 5 of the Dungeon.
You visited 1 branch of the dungeon, and saw 5 of its levels.

You collected 300 gold pieces.

Inventory:

Hand Weapons
 a - a +0 hand axe (weapon)
Armour
 b - a +0 robe
 c - a +0 ring mail (worn)
 h - a scarf of harm (worn)
 p - a +0 helmet (worn)
Jewellery
 f - a +6 ring of dexterity (left hand)
 m - an uncursed ring of protection from magic
 o - an uncursed ring of ice
 q - a ring of flight (right hand)
Wands
 n - a wand of acid (11)
 s - a wand of polymorph (11)
Scrolls
 g - a scroll of enchant weapon {unknown}
 i - 2 scrolls of remove curse {unknown}
 j - 2 scrolls of teleportation {unknown}
 k - 2 scrolls of immolation {unknown}
 w - 2 scrolls of blinking {unknown}
 y - a scroll of magic mapping {unknown}
Potions
 d - 2 potions of might
 l - a potion of haste
 r - a potion of degeneration {unknown}
 t - a potion of curing
 u - a potion of attraction {unknown}
 v - a potion of ambrosia {unknown}
 x - a potion of brilliance {unknown}
 z - a potion of lignification


   Skills:
 + Level 6.7 Fighting
 + Level 7.3 Axes
 + Level 4.3 Armour
 - Level 2.9 Dodging
 - Level 2.3 Stealth


You had 6 spell levels left.
You didn't know any spells.
Your spell library was empty.

Dungeon Overview and Level Annotations

Branches:
Dungeon (5/15)
 Temple: D:4-7

Altars:
Ashenzari
Xom


Message History

The crimson imp barely misses you.
The sky beast hits you but does no damage.
You slash the crimson imp!
You kill the crimson imp!
You hit the sky beast. You closely miss the sky beast.
The sky beast is almost dead.
You slash the worker ant zombie! The sky beast hits you.
* * * LOW HITPOINT WARNING * * *
The sky beast shocks you.
* * * LOW HITPOINT WARNING * * *
The worker ant zombie bites you but does no damage.
You miss the sky beast.
The sky beast is almost dead.
You slash the worker ant zombie!
The sky beast flickers out of sight!
Deactivating autopickup; reactivate with Ctrl-A.
Something hits you.
* * * LOW HITPOINT WARNING * * *
Something shocks you.
You die...

#.......... ....
.# #..........
... #.#
###########
..#####.#
...#....#
#.#....#
#......#
######..?..# ###
.......@≈..#####
#..
######Z{.......#
#.#
.....#.....###.#
#.# .....'.....#
#.# ###.#
.....##.##.#
#.#####....
.........#.#
#.........#
.........#.#
#.........#
##.....#.#.#
#......##.#
#..... .#.#
#......+...


You could see a worker ant zombie.

Vanquished Creatures
  A phantom (D:4)
  An ogre (D:4)
  2 scorpions (D:4)
  2 crimson imps (D:5)
  A hound (D:4)
  An orc wizard (D:4)
  4 worker ants
  A hound skeleton (D:4)
  Robin (D:3)
  5 gnolls
  8 adders
  4 oozes
  6 leopard geckos
  7 orcs
  9 bats
  4 giant cockroaches
  19 goblins
  12 hobgoblins
  6 jackals (D:3)
  7 frilled lizards
  A jackal skeleton (D:4)
  8 kobolds
  A quokka skeleton (D:5)
  10 rats
121 creatures vanquished.

Notes
Turn   | Place    | Note
-------+----------+-------------------------------------------
     0 | D:1      | pablito the Hill Orc Monk began the quest for the Orb.
     0 | D:1      | Reached XP level 1. HP: 19/19 MP: 1/1
     6 | D:1      | Noticed a black mamba
     6 | D:1      | Noticed a six-headed hydra
     6 | D:1      | Noticed a lindwurm
     6 | D:1      | Noticed a polar bear
   134 | D:1      | Reached XP level 2. HP: 23/27 MP: 2/2
   634 | D:1      | Reached XP level 3. HP: 31/33 MP: 3/3
  1125 | D:2      | Reached XP level 4. HP: 40/40 MP: 4/4
  1603 | D:2      | Found a broken altar of Ashenzari.
  2291 | D:3      | Noticed Robin
  2292 | D:3      | Reached skill level 5 in Axes
  2444 | D:3      | Reached XP level 5. HP: 44/47 MP: 5/5
  2446 | D:3      | Reached skill level 1 in Armour
  2464 | D:3      | Killed Robin
  3438 | D:4      | Reached skill level 5 in Fighting
  3478 | D:4      | Reached XP level 6. HP: 36/56 MP: 6/6
  3827 | D:4      | Noticed a phantom
  3836 | D:4      | Reached skill level 6 in Axes
  3859 | D:4      | HP: 5/56 [phantom (7)]
  3864 | D:4      | HP: 2/56 [phantom (4)]
  3866 | D:4      | Killed a phantom
  4182 | D:4      | Reached XP level 7. HP: 53/62 MP: 7/7
  4660 | D:4      | Reached skill level 7 in Axes
  5071 | D:5      | Entered Level 5 of the Dungeon
  5095 | D:5      | Found a shimmering altar of Xom.
  5338 | D:5      | HP: 6/64 [something (7)]
  5343 | D:5      | HP: 5/64 [sky beast (7)]
  5344 | D:5      | HP: 2/64 [something (4)]
  5344 | D:5      | Slain by a sky beast

Illustrated notes

Levels and vault maps discovered:
D:1:      onia_arrival_zoo_common, layout_rooms
D:2:      layout_loops_corners, ashenzari_altar_1, kennysheep_generic_room_5
D:3:      layout_rooms, chequers_serial_rivers_micro_d, kennysheep_small_spiral,
          uniq_robin
D:4:      layout_cave_pools
D:5:      layout_basic, lemuel_crystal_altar, led_xom_imps, serial_shops,
          kennysheep_little_box

Skill      XL: |  1  2  3  4  5  6  7 |
---------------+----------------------+-----
Fighting       | 4 5 6 |  6.7
Stealth        | 2 |  2.3
Axes           | 5 6 7 |  7.3
Armour         | 2 3 4 |  4.3
Dodging        | |  2.9

Action                   |  1- 3 |  4- 6 |  7- 9 || total
-------------------------+-------+-------+-------++-------
Melee: Hand axe          |    99 |   241 |    97 ||   437
Throw: Stone             |       |     4 |       ||     4
  Use: Scroll            |     2 |     3 |     3 ||     8
       Potion            |       |     1 |     5 ||     6
 Stab: Sleeping          |     2 |       |     1 ||     3
       Distracted        |       |     1 |       ||     1
Armor: Robe              |    12 |    13 |       ||    25
       Ring mail         |       |    78 |    45 ||   123
Dodge: Dodged            |    80 |   234 |    78 ||   392

Table legend: (Time is in decaauts)
 A = Elapsed time spent in this place.
 B = Non-inter-level travel time spent in this place.
 C = Inter-level travel time spent in this place.
 D = Time resting spent in this place.
 E = Time spent auto-exploring this place.
 F = Levels seen in this place.
 G = Mean time per level.
                   A        B        C        D        E       F      G
               +--------+--------+--------+--------+--------+-----+--------+
         Total |   5355 |   5218 |    137 |    979 |   3286 |   5 | 1071.0 |
       Dungeon |   5355 |   5218 |    137 |    979 |   3286 |   5 | 1071.0 |
               +--------+--------+--------+--------+--------+-----+--------+

Top non-repeatable levels by time:
     D:4: 1661 daAuts
     D:2: 1369 daAuts
     D:1: 1065 daAuts
     D:3: 988 daAuts
     D:5: 271 daAuts
